 Dungeon Crawl Stone Soup version 0.29.1-13-g9f3cf754e1 (webtiles) character file.

Game seed: 6835222126685341852

20 Descartes the Ducker (level 2, 0/14 HPs)
             Began as a Felid Monk on Jan 29, 2023.
             Succumbed to a kobold's poison
             ... on level 2 of the Dungeon.
             The game lasted 00:00:37 (560 turns).

Descartes the Ducker (Felid Monk)                    Turns: 560, Time: 00:00:38

Health: 0/14       AC:  1    Str:  7    XL:     2   Next: 58%
Magic:  3/3        EV: 19    Int: 11    God:
Gold:   35         SH:  0    Dex: 18    Spells: 1/1 levels left
                                        Lives:  0   Deaths: 0

rFire   . . .      SeeInvis +     - Unarmed
rCold   . . .      Faith    .   (shield unavailable)
rNeg    . . .      Spirit   .   (body armour unavailable)
rPois   .          Reflect  .   (helmet unavailable)
rElec   .          Harm     .   (cloak unavailable)
rCorr   .          Rampage  .   (gloves unavailable)
Will    .....                   (boots unavailable)
Stlth   +++.......              (no amulet)
HPRegen 0.04/turn               (no ring)
MPRegen 0.08/turn               (no ring)

@: lethally poisoned (0 -> -21), quick
A: very small, claws 1, fangs 3, see invisible, speed 1, shaggy fur 1, stealthy
paws, no weapons or thrown items, no armour, multi-lived
a: no special abilities


You were on level 2 of the Dungeon.
You visited 1 branch of the dungeon, and saw 2 of its levels.

You collected 35 gold pieces.

Inventory:

Scrolls
 b - a scroll of teleportation {unknown}
 e - a scroll of acquirement {unknown}
Potions
 a - a potion of ambrosia
 c - a potion of curing {unknown}
 d - a potion of attraction {unknown}
 f - a potion of haste {unknown}


   Skills:
 + Level 3.2 Fighting
 + Level 4.3 Dodging
 + Level 3.2 Stealth
 + Level 3.2 Unarmed Combat


You had one spell level left.
You didn't know any spells.
Your spell library contained the following spells:

 Spells                   Type           Power      Damage    Failure   Level
 Summon Small Mammal      Summ           0%         N/A       34%         1
 Call Canine Familiar     Summ           0%         N/A       71%         3
 Summon Guardian Golem    Hex/Summ       0%         N/A       71%         3


Dungeon Overview and Level Annotations

Branches:
Dungeon (2/15)

Altars:


Innate Abilities, Weirdness & Mutations

You have sharp claws.
You have razor-sharp teeth.
You have supernaturally acute eyesight. (SInv)
You cover ground quickly. (Speed+)
You are covered in fur. (AC +1)
Your paws help you pounce on unaware monsters.
You are incapable of wielding weapons or throwing items.
You cannot wear armour.
You gain extra lives every three experience levels.


Message History

No target in view!
No target in view!
No target in view!
No target in view!
No target in view!
You now have 35 gold pieces (gained 16).
Done exploring.
Done exploring.
There is a stone staircase leading down here.
You climb downwards.
There is a stone staircase leading up here.
No target in view!
You open the door.
There is an open door here.
A kobold comes into view. It is wielding a +2 dagger of venom.
The kobold moves out of view.
Found 8 gold pieces.
A ball python comes into view.
Found 3 scrolls labelled OQUEXOIMNI.
The ball python hisses angrily.
Found a scroll labelled OVIOCASSEM and an Inescapable Atlas.
You scratch the kobold but do no damage.
The kobold hits you with a +2 dagger of venom.
You are lethally poisoned!
You scratch the kobold but do no damage.
You feel very sick.
The kobold hits you with a +2 dagger of venom.
* * * LOW HITPOINT WARNING * * *
You are more poisoned.
You are too injured to fight recklessly!
You are too injured to fight recklessly!
You are too injured to fight recklessly!
You are too injured to fight recklessly!
You are too injured to fight recklessly!
You are too injured to fight recklessly!
You are too injured to fight recklessly!
You are too injured to fight recklessly!
You are too injured to fight recklessly!
You are too injured to fight recklessly!
You die...

.. ### ..## #.. .. ...
:##.##. #$#
.......##.#
..........#
..........# ###
..........# #.#
......K...#####.##
........@........#
?....S...######'###
..................####
.?...................#
...#+####.........##.#
.#. #.........##.# #
#.........##.#
#######.........##.#
#..........#######.#


You could see a ball python and a kobold.

Vanquished Creatures
  A dart slug (D:1)
  2 ball pythons (D:1)
  An endoplasm (D:1)
  2 giant cockroaches (D:1)
  A goblin (D:1)
  3 hobgoblins (D:1)
  3 kobolds (D:1)
  A quokka (D:1)
14 creatures vanquished.

Notes
Turn   | Place    | Note
-------+----------+-------------------------------------------
     0 | D:1      | Descartes the Felid Monk began the quest for the Orb.
     0 | D:1      | Reached XP level 1. HP: 10/10 MP: 2/2
   129 | D:1      | Reached XP level 2. HP: 14/14 MP: 3/3
   429 | D:1      | Found a faded altar of an unknown god.
   560 | D:2      | Succumbed to a kobold's poison

Illustrated notes

Levels and vault maps discovered:
D:1:      ncdulo_halloftheorcs, layout_basic,
          hellmonk_ecumenical_altar_leap_of_faith, hex_tiny
D:2:      layout_basic, uniq_jessica

Skill      XL: |  1 |
---------------+----+-----
Stealth        | 3 |  3.2
Fighting       | |  3.2
Dodging        | |  4.3
Unarmed Combat | |  3.2

Action                   || total
-------------------------++-------
Melee: Unarmed           ||    30
       Bite              ||     1
 Stab: Sleeping          ||     3
Dodge: Dodged            ||    23
